 Dungeon Crawl Stone Soup version 0.28-b1 (webtiles) character file.

Game seed: 5131903907919710062

46 Descartes the Grasshopper (level 3, -5/25 (27) HPs)
             Began as a Formicid Warper on Jan 26, 2022.
             Slain by a gnoll (7 damage)
             ... on level 2 of the Dungeon.
             The game lasted 00:02:05 (1950 turns).

Descartes the Grasshopper (Formicid Warper)         Turns: 1950, Time: 00:02:06

HP:   -5/25 (27)    AC:  3    Str: 17    XL:     3   Next: 92%
MP:   6/6           EV: 11    Int: 12    God:
Gold: 31            SH:  0    Dex: 10    Spells: 6/6 levels left

rFire   . . .      SeeInvis +   a - +0 hand axe
rCold   . . .      Faith    .   (no shield)
rNeg    . . .      Spirit   .   b - +0 leather armour
rPois   .          Reflect  .   (helmet unavailable)
rElec   .          Harm     .   (no cloak)
rCorr   .          Rampage  .   (no gloves)
Will    .....                   (no boots)
Stlth   +.........              (no amulet)
HPRegen 0.08/turn               (no ring)
MPRegen 0.10/turn               (no ring)

@: drained
A: permanent stasis, dig shafts and tunnels, antennae 3, four strong arms
a: Dig, Shaft Self


You were on level 2 of the Dungeon.
You visited 1 branch of the dungeon, and saw 2 of its levels.

You collected 31 gold pieces.

Inventory:

Hand Weapons
 a - a +0 hand axe (weapon)
Missiles
 c - 5 boomerangs of dispersal (quivered)
 i - 20 stones
Armour
 b - a +0 leather armour (worn)
Scrolls
 d - 2 scrolls of identify {unknown}
 f - a scroll of teleportation {unknown}
 g - a scroll of acquirement {unknown}
 h - 3 scrolls of silence {unknown}
 m - a scroll of fog {unknown}
Potions
 e - a potion of might {unknown}
 j - a potion of attraction {unknown}
 k - a potion of heal wounds {unknown}
 l - a potion of haste {unknown}


   Skills:
 - Level 2.1 Fighting
 - Level 2.0 Axes
 - Level 1.0 Throwing
 + Level 2.3 Armour
 - Level 1.7 Dodging
 - Level 2.1 Spellcasting
 + Level 3.7 Translocations


You had 6 spell levels left.
You didn't know any spells.
Your spell library contained the following spells:

 Spells                   Type           Power      Damage    Failure   Level
 Gell's Gravitas          Tloc           10%        N/A       21%         3
 Lesser Beckoning         Tloc           10%        N/A       21%         3
 Teleport Other           Tloc           10%        N/A       21%         3
 Manifold Assault         Tloc           10%        N/A       88%         5
 Blink                    Tloc           Unusable   N/A       N/A         2

Dungeon Overview and Level Annotations

Branches:
Dungeon (2/15)

Altars:

Annotations:
D:2 Terence


Innate Abilities, Weirdness & Mutations

You cannot be hasted, slowed, berserked, paralysed or teleported.
You can dig through walls and to a lower floor.
You have a pair of large antennae on your head. (SInv)
Your four strong arms can wield two-handed weapons with a shield.


Message History

No target in view!
Terence the Incautious comes into view.
He is wielding a +2 mace of protection.
Terence shouts!
No reachable target in view!
Found a hunting sling.
Terence bares his teeth.
Found 15 stones.
You see here 15 stones.
You open the door.
A gnoll comes into view. It is wielding a +0 flail.
The gnoll shouts!
You hear a shout!
A gnoll comes into view. It is wielding a +0 halberd.
The gnoll moves out of view.
There is an open door here. 2 gnolls come into view.
Found a fuming white potion.
The gnoll shouts!
Terence screams, "I want your blood!"
The gnoll hits you from afar with a +0 spear.
The gnoll hits you but does no damage. The gnoll closely misses you.
You open the door.
The gnoll hits you from afar with a +0 spear. x2
The gnoll hits you with a +0 flail.
There is an open door here.
Found 20 stones.
Unknown command.
Found a stone staircase leading up.
The gnoll hits you but does no damage.
You hit the gnoll.
The gnoll is heavily wounded.
You hit the gnoll. The gnoll closely misses you. The gnoll barely misses you.
The gnoll hits you with a +0 flail!
* * * LOW HITPOINT WARNING * * *
You extend your mandibles.
You dig through the rock wall.
You feel drained.
The gnoll hits you from afar with a +0 halberd.
* * * LOW HITPOINT WARNING * * *
The gnoll hits you from afar with a +0 spear!
You die...

.#..≈PPP♣≈≈≈PPP..
#.......##.#.#.
##.##.≈≈≈P≈♣≈≈PP
#####.####.#.#.
.#.##..#≈≈PPPP≈P
#........#'
.#.#......≈PPP≈
######.#...
.....# ##..≈PP
#.#... .#.#.#
###.#.### #.#...
.#.#.# ##<....g.#
#.#...
#.#.#.####.#.#g##
#.#.). ##.#.#.#
#.#g#g@# #.#...
.......#
#.#.#.#####
#.###' ##.#.###
#...g......
#..... #.#.#
###.#..(...
###### #.#(#
#.######. #####
#.#@# #@# #....
#.#.########'####
#....
#.#.##..........#
#....
#.#..'...@......#
#....


You could see 4 gnolls.

Vanquished Creatures
  2 dart slugs (D:1)
  2 endoplasms (D:1)
  2 giant cockroaches (D:1)
  3 goblins (D:1)
  3 hobgoblins (D:1)
  7 jackals (D:1)
  2 quokkas
  3 ball pythons (D:1)
  3 bats (D:1)
  3 frilled lizards (D:1)
  5 kobolds
  2 rats (D:1)
37 creatures vanquished.

Vanquished Creatures (others)
  5 plants (D:2)
5 creatures vanquished.

Grand Total: 42 creatures vanquished

Notes
Turn   | Place    | Note
-------+----------+-------------------------------------------
     0 | D:1      | Descartes the Formicid Warper began the quest for the Orb.
     0 | D:1      | Reached XP level 1. HP: 16/16 MP: 3/3
    41 | D:1      | Reached skill level 3 in Translocations
   239 | D:1      | Reached XP level 2. HP: 19/22 MP: 5/5
   291 | D:1      | HP: 1/22 [jackal (1)]
   745 | D:1      | Reached XP level 3. HP: 25/27 MP: 6/6
  1911 | D:2      | Noticed Terence
  1950 | D:2      | Slain by a gnoll

Illustrated notes

Levels and vault maps discovered:
D:1:      dpeg_arrival_shelter, layout_basic, minmay_octomino_j4
D:2:      layout_basic, serial_bayou, serial_bayou_lagoon_a,
          serial_bayou_shore_a, serial_bayou_pond_d, serial_bayou_pond_e,
          chequers_ecumenical_altar_island, uniq_jessica, uniq_terence

Skill      XL: |  1  2  3 |
---------------+----------+-----
Translocations | 3 |  3.7
Armour         | 2 |  2.3
Fighting       | |  2.1
Axes           | |  2.0
Throwing       | |  1.0
Dodging        | |  1.7
Spellcasting   | |  2.1

Action                   || total
-------------------------++-------
Melee: Hand axe          ||   120
       Punch             ||     1
 Abil: Dig               ||     1
Armor: Leather armour    ||    54
Dodge: Dodged            ||   107
